Cogmind - Beta 15 *** ADVENTURER MODE // 2025.09.16 @ 15:05:45 Player: c4-BRK Result: Destroyed by H-66 Slayer with Heavy Assault Rifle Performance ------------- Evolutions (4) 2000 Regions Visited (9) 1800 Robots Destroyed (80) 400 Value Destroyed (3166) 3166 Prototype IDs (20) 400 Alien Tech Used (0) 0 Bonus (418) 418 TOTAL SCORE: 8184 Bonus ------- Follower Combat Kills 591 Network Hubs Disabled 400 Friendly Fire -573 Cogmind --------- Core Integrity 0/850 Matter 274/300 Energy 4/100 System Corruption 11% Temperature Cool (21) Movement Core (400) Ox7 Location -6/Hub_04(d) Parts ------- > --- POWER (2) -------- (None) > --- PROPULSION (5) --- (None) > --- UTILITY (5) ------ Medium Storage Unit Force Field Hacking Suite > --- WEAPON (3) ------- Wave Gun > --- INVENTORY (10) --- Wave Gun Proton Cannon Plasma Cannon Precision Assault Rifle Precision Assault Rifle KE Penetrator Improved Datajack Peak State ------------ > --- POWER ------------ Improved Deuterium Engine Enhanced Nuclear Core > --- PROPULSION ------- Improved Treads Armored Treads Advanced Treads Medium Treads Compact Wheel > --- UTILITY ---------- Medium Storage Unit Advanced Weight Redist. System Advanced Targeting Computer Improved Medium Armor Plating Hacking Suite > --- WEAPON ----------- Advanced Beam Rifle Minigun Precision Assault Rifle > --- INVENTORY -------- Improved Deuterium Engine Improved Heat Sink Force Field Heavy Particle Cannon Plasma Cannon Heavy Plasma Cannon Precision Assault Rifle Magnetic Acceleration Cannon Heavy Missile Launcher Improved Datajack [Rating: 52] Favorites ----------- Power Enhanced Nuclear Core Engine Improved Deuterium Engine Power Core Enhanced Nuclear Core Propulsion Compact Wheel Treads Medium Treads Wheel Compact Wheel Utility Medium Storage Unit Device Advanced Weight Redist. System Storage Medium Storage Unit Processor Advanced Targeting Computer Hackware Hacking Suite Protection Improved Medium Armor Plating Weapon Advanced Beam Rifle Energy Gun Advanced Beam Rifle Energy Cannon Heavy Particle Cannon Ballistic Gun Precision Assault Rifle Ballistic Cannon Battle Cannon Launcher Heavy Missile Launcher Build | -11 -10 -10 -8 -7 -6 -6 -6 -6 -6 ------- Run | Yrd Mat Sub Mat Fac Fac Ext Cet Arc Hub Slots Evolved 8 | . . . 4 2 2 . . . . Power 1 | . . . . 1 . . . . . Propulsion 3 | . . . 1 . 2 . . . . Utility 3 | . . . 2 1 . . . . . Weapon 1 | . . . 1 . . . . . . Parts Attached 60 | 6 1 5 15 14 3 7 1 5 3 Power 10 | 1 . . 1 3 1 2 . 2 . Engine 7 | 1 . . 1 2 1 2 . . . Core 3 | . . . . 1 . . . 2 . Reactor . | . . . . . . . . . . Propulsion 14 | 2 . . 5 3 2 1 1 . . Treads 8 | . . . 2 2 2 1 1 . . Leg . | . . . . . . . . . . Wheel 6 | 2 . . 3 1 . . . . . Hover . | . . . . . . . . . . Flight . | . . . . . . . . . . Utility 14 | 1 1 1 3 4 . 1 . 1 2 Device 8 | . . 1 1 2 . 1 . 1 2 Storage 2 | 1 . . 1 . . . . . . Processor 1 | . . . . 1 . . . . . Hackware 1 | . . . 1 . . . . . . Protection 2 | . 1 . . 1 . . . . . Artifact . | . . . . . . . . . . Weapon 22 | 2 . 4 6 4 . 3 . 2 1 Energy Gun 8 | 1 . 1 4 . . . . 2 . Energy Cannon 4 | . . . 1 1 . 2 . . . Ballistic Gun 5 | 1 . . 1 3 . . . . . Ballistic Cannon 4 | . . 3 . . . . . . 1 Launcher 1 | . . . . . . 1 . . . Special Weapon . | . . . . . . . . . . Impact Weapon . | . . . . . . . . . . Slashing Weapon . | . . . . . . . . . . Piercing Weapon . | . . . . . . . . . . Special Melee Weapon . | . . . . . . . . . . Unidentified Prototypes 5 | . . . 2 2 1 . . . . Parts Lost 29 | . . 2 2 4 . 3 8 3 7 Power 5 | . . . . . . 1 1 1 2 Propulsion 9 | . . . 2 1 . . 5 . 1 Utility 7 | . . 1 . 1 . 1 1 . 3 Weapon 8 | . . 1 . 2 . 1 1 2 1 Highest Loss Streak 8 | . . 2 1 2 . 2 8 2 7 To Critical Strikes 3 | . . . . . . . 3 . . Average Backups 7 | 1 1 4 8 9 9 8 8 7 8 Power 2 | . 1 1 3 2 2 . 1 . . Propulsion . | . . . . . . . . . . Utility . | . . 1 . . . 1 1 1 . Weapon 4 | . . 1 4 5 5 5 5 5 6 Tool/Special . | . . . . . . . . . . Unused Backups 11 | . . . 1 1 1 2 . . 6 Power 3 | . . . . 1 1 1 . . . Propulsion . | . . . . . . . . . . Utility . | . . . . . . . . . . Weapon 7 | . . . 1 . . 1 . . 5 Tool/Special 1 | . . . . . . . . . 1 Average Slot Usage (%) 89 | . 97 97 95 88 93 98 57 58 58 Engine 7 | . 14 14 9 7 6 6 . . . Core 4 | . . . . 6 5 6 6 11 11 Treads 10 | . . . 3 13 20 25 7 6 4 Wheel 12 | . 28 28 21 6 6 6 . . . Device 8 | . . 1 17 9 6 9 6 6 9 Storage 8 | . 14 14 9 7 6 6 6 6 6 Processor 2 | . . . . . 6 6 6 6 5 Hackware 4 | . . . 6 7 6 6 6 6 6 Protection 4 | . 11 10 . 3 6 2 . . . Energy Gun 8 | . 14 12 17 7 6 2 . 10 12 Energy Cannon 3 | . . . 4 4 . 6 13 3 . Ballistic Gun 6 | . 14 6 . 8 13 9 . . . Ballistic Cannon 2 | . . 9 4 . . . . . . Peak Build Rating 52 | 6 7 14 30 45 50 52 51 45 46 Average Rating 31 | 3 6 8 26 37 48 50 32 39 40 On Entrance 27 | . 6 7 14 29 45 49 51 31 42 Naked Turns . | . . . . . . . . . . Heaviest Build 52 | 13 16 18 35 48 44 52 52 52 42 Greatest Support 102 | 32 32 32 52 59 29 102 102 30 39 Greatest Overweight (x) 11 | . . . 2 4 1 1 11 1 7 Average Overweight (x) . | . . . 1 1 1 . . 1 1 Largest Inventory Capacity 10 | 8 8 8 10 10 10 10 10 10 10 Average Capacity 9 | 6 8 8 9 10 10 10 10 10 10 Most Carried 10 | 5 2 8 10 10 10 10 9 9 9 Average Carried 7 | 1 1 4 9 9 9 8 8 7 8 Final Capacity 10 | 8 8 8 10 10 10 10 10 10 10 Final Carried 10 | 1 2 8 10 10 10 9 8 8 7 Class Distribution -------------------- 29% | Hacker-Gunner 25% | Mutant 10% | Hacker-Mutant 9% | Scavenger-Mutant 7% | Hacker-Tank 6% | Hacker-Skirmisher 4% | Scavenger-Skirmisher 3% | Commander-Gunner 3% | Skirmisher Dominant Class ---------------- Mutant | -10/Materials Mutant | -10/Subcaves Hacker-Skirmisher | -8/Materials Hacker-Tank | -7/Factory Hacker-Gunner | -6/Factory Hacker-Gunner | -6/Extension Hacker-Mutant | -6/Cetus Scavenger-Mutant | -6/Archives Scavenger-Mutant | -6/Hub_04(d) Resources | -11 -10 -10 -8 -7 -6 -6 -6 -6 -6 ----------- Run | Yrd Mat Sub Mat Fac Fac Ext Cet Arc Hub Matter Collected 1761 | 184 96 216 258 314 132 445 71 45 . Remotely . | . . . . . . . . . . Salvage Created 3344 | . 109 72 713 923 178 856 92 333 68 Parts 160 | . 5 4 36 56 12 32 . 13 2 Haulers Intercepted 6 | . . . 4 2 . . . . . Recyclers Shooed 2 | . . . 1 1 . . . . . Parts Field Recycled . | . . . . . . . . . . Retrieved Matter . | . . . . . . . . . . Parts Self-Destructed 16 | . . 16 . . . . . . . Prevented . | . . . . . . . . . . Kills | -11 -10 -10 -8 -7 -6 -6 -6 -6 -6 ------- Run | Yrd Mat Sub Mat Fac Fac Ext Cet Arc Hub Combat Hostiles Destroyed 56 | . 2 3 9 18 3 12 4 4 1 Guns 30 | . 2 2 4 12 3 6 . 1 . Cannons 17 | . . 1 3 6 . 2 3 2 . AOE 6 | . . . 2 . . 4 . . . Classes Destroyed 13 | . 2 1 6 2 . 2 . . . Worker 1 | . . . 1 . . . . . . Builder 1 | . . . 1 . . . . . . Hauler 6 | . . . 4 2 . . . . . Operator 3 | . . . . 2 . 1 . . . Watcher 7 | . 1 . 3 1 . 1 1 . . Swarmer 16 | . . . 2 10 . 4 . . . Grunt 9 | . 2 . . 4 . 3 . . . Sentry 15 | . . . 5 1 1 4 . 4 . Hunter 7 | . . . 2 2 1 1 . . 1 Programmer 2 | . . . . 1 1 . . . . Cetus Guard 4 | . . . . . . . 4 . . Subdweller 3 | . . 3 . . . . . . . Thug 3 | . . . . . . 3 . . . Savage 2 | . . . . . . 2 . . . Butcher 1 | . . . . . . 1 . . . Best Kill Streak 6 | . 3 2 4 6 1 5 5 1 1 Combat Bots Only 6 | . 2 2 3 6 1 4 4 1 1 Max Kills in Single Turn 4 | . 1 1 3 1 1 4 1 1 1 Gunslinging . | . . . . . . . . . . Exploded 4 | . . . 2 . . 4 . . . Melee . | . . . . . . . . . . Uniques/NPCs Destroyed . | . . . . . . . . . . Combat | -11 -10 -10 -8 -7 -6 -6 -6 -6 -6 -------- Run | Yrd Mat Sub Mat Fac Fac Ext Cet Arc Hub Hostile Shots Fired 475 | . 6 26 36 101 29 142 63 24 48 Missed 144 | . 1 4 18 27 13 45 16 11 9 Hits 331 | . 5 22 18 74 16 97 47 13 39 Projectile 331 | . 5 22 18 74 16 97 47 13 39 Critical Strikes 16 | . . 2 . 2 . . 6 1 5 Part Disruptions 1 | . . . . . . . . . 1 Damage Taken 5118 | . 54 379 229 833 152 1010 1154 248 1059 Core 1054 | . . 70 30 97 . 112 421 39 285 Absorbed by Shields 26 | . . . . . . 26 . . . Ignored by Resistances 1410 | . 16 106 63 248 47 311 269 66 284 Regen/Repaired (Parts) 52 | . . . . 36 16 . . . . Core Remaining (%) 88 | 100 . 72 94 86 . . . . . Volleys Fired 212 | . 10 30 34 49 7 41 18 12 11 Largest 3 | . 2 2 3 3 3 3 3 3 2 Hottest 246 | . 70 83 182 158 114 204 204 246 156 Shots Fired 503 | . 20 51 82 137 21 110 40 23 19 Gun 316 | . 20 17 39 108 21 82 . 11 18 Cannon 175 | . . 34 43 29 . 20 36 12 1 Launcher 12 | . . . . . . 8 4 . . Special . | . . . . . . . . . . Kinetic 204 | . 10 35 23 57 14 64 . . 1 Thermal 230 | . 10 16 33 49 7 38 36 23 18 Explosive 12 | . . . . . . 8 4 . . Electromagnetic 57 | . . . 26 31 . . . . . Robot Hit Streak 40 | . 7 15 17 36 9 40 24 18 19 Robot Miss Streak 3 | . 1 1 3 2 1 2 1 1 3 Penetration Max . | . . . . . . . . . . Secondary Targets 2 | . . . . . . 2 . . . Max Gunslinging Chain 1 | . . . . . . 1 . . . Shots Hit Robots 356 | . 16 23 56 99 16 89 25 20 12 Core Hits 172 | . 7 6 28 36 9 47 24 10 5 Critical Kills 1 | . . . . . . . . 1 . Critical Parts Destroyed 3 | . 1 . . 1 . 1 . . . Critical Strikes 16 | . 3 2 2 3 . 3 . 1 2 Burn 7 | . 2 . . 1 . 2 . . 2 Meltdown 1 | . . . . . . . . 1 . Destroy 3 | . 1 . . 1 . 1 . . . Blast 4 | . . 2 2 . . . . . . Corrupt 1 | . . . . 1 . . . . . Melee Attacks . | . . . . . . . . . . Impact . | . . . . . . . . . . Slashing . | . . . . . . . . . . Piercing . | . . . . . . . . . . Sneak Attacks . | . . . . . . . . . . Combat Hostiles . | . . . . . . . . . . Follow-up Attacks . | . . . . . . . . . . Damage Inflicted 8938 | . 176 411 1369 1956 265 2778 1142 540 301 Guns 4543 | . 176 88 721 1417 265 1398 . 203 275 Cannons 2623 | . . 323 426 509 . 413 589 337 26 Explosions 1722 | . . . 209 . . 960 553 . . Melee . | . . . . . . . . . . Ramming 50 | . . . 13 30 . 7 . . . Kinetic 2413 | . 49 323 218 574 165 1058 . . 26 Thermal 3914 | . 127 88 637 805 100 753 589 540 275 Explosive 1513 | . . . . . . 960 553 . . Electromagnetic 1048 | . . . 501 547 . . . . . Impact . | . . . . . . . . . . Slashing . | . . . . . . . . . . Piercing . | . . . . . . . . . . Highest Corruption 11 | . . . 2 1 . . . . 11 Average Corruption 1 | . . . 1 1 . . . . 7 Corruption Purged . | . . . . . . . . . . Corruption Blocked . | . . . . . . . . . . Effects 5 | . . . . 3 . . . . 2 Message Errors 1 | . . . . 1 . . . . . Matter Fused 1 | . . . . 1 . . . . . Energy Discharges 1 | . . . . 1 . . . . . Data Loss (minor) 1 | . . . . . . . . . 1 Misfires 1 | . . . . . . . . . 1 Overload Shots . | . . . . . . . . . . Overflow Damage 27 | . . . 12 1 . 8 6 . . Projectiles 16 | . . . 7 1 . 8 . . . Explosions 11 | . . . 5 . . . 6 . . Melee . | . . . . . . . . . . Knockbacks 8 | . . 6 1 . . . . . 1 Impact . | . . . . . . . . . . Kinetic 8 | . . 6 1 . . . . . 1 Secondary . | . . . . . . . . . . Self-Inflicted Damage 169 | . . . 53 13 . 103 . . . Shots 6 | . . . 2 . . 4 . . . Rammed 7 | . . . 4 2 . 1 . . . Targets Rammed 7 | . . . 4 2 . 1 . . . Kicked . | . . . . . . . . . . Crushed . | . . . . . . . . . . Highest Temperature 529 | . 145 209 168 466 216 375 529 448 148 Average Temperature 124 | . 52 121 45 138 85 110 206 187 67 Received Heat Transfer 1006 | . 42 324 18 111 12 301 162 36 . Effects 11 | . . . . 2 . 1 7 1 . Shutdowns 5 | . . . . 1 . 1 2 1 . Energy Bleed 1 | . . . . . . . 1 . . Matter Decay 1 | . . . . . . . 1 . . Short Circuit 2 | . . . . 1 . . 1 . . Damage (minor) 1 | . . . . . . . 1 . . Damage (core) 1 | . . . . . . . 1 . . Siege Activations . | . . . . . . . . . . Martial Activations . | . . . . . . . . . . Shielding Activations . | . . . . . . . . . . Robots Disrupted . | . . . . . . . . . . Combat Hostiles . | . . . . . . . . . . Robots Corrupted . | . . . . . . . . . . Combat Hostiles . | . . . . . . . . . . Parts Fried 5 | . . . 3 2 . . . . . Impact Corruptions . | . . . . . . . . . . Robots Melted 3 | . . . . . . . 1 1 1 Combat Hostiles 3 | . . . . . . . 1 1 1 Parts Melted 15 | . . . 1 5 1 3 . 3 2 Heat Transferred 6972 | . 518 259 890 1517 185 1371 894 857 481 Parts Sabotaged . | . . . . . . . . . . Parts Stolen . | . . . . . . . . . . Parts Stripped . | . . . . . . . . . . Power Chain Reactions 4 | . . . 4 . . . . . . Alert | -11 -10 -10 -8 -7 -6 -6 -6 -6 -6 ------- Run | Yrd Mat Sub Mat Fac Fac Ext Cet Arc Hub Maximum Alert Level 1 | . . . . 1 . 1 . . . Low Security (%) 93 | 100 100 . 100 77 100 93 100 100 100 Level 1 6 | . . . . 22 . 6 . . . Level 2 . | . . . . . . . . . . Level 3 . | . . . . . . . . . . Level 4 . | . . . . . . . . . . Level 5 . | . . . . . . . . . . High Security . | . . . . . . . . . . Max Security . | . . . . . . . . . . Peak Influence 288 | . 47 . 98 250 30 288 137 39 60 Initial 137 | . . . . . 6 8 137 . . Average 57 | . 13 . 34 116 4 92 31 6 15 Influence Increases 2376 | . 57 30 358 562 90 985 125 89 80 Destroy 0b10 Robot/C 1380 | . 40 . 180 360 60 560 80 80 20 Destroy 0b10 Robot/NC 95 | . 5 . 45 25 . 15 5 . . Destroy Leader 296 | . 12 . 84 86 30 74 . . 10 Allied During Kill 192 | . . . . . . 192 . . . Successful Hack 99 | . . . 30 39 . 23 7 . . Select Force Hacks 50 | . . . . . . . . . 50 Disable Machine 63 | . . . . 18 . 27 9 9 . Destroy Structure 111 | . . . 19 4 . 64 24 . . Partial Spotted 15 | . . . . . . 15 . . . Lose Combat Pursuer 75 | . . 30 . 30 . 15 . . . Influence Decreases 2376 | . 20 67 358 546 86 722 408 89 80 Entered New Map 189 | . . 21 . . 10 12 146 . . Time Decay 1748 | . 20 46 340 515 76 520 122 59 50 Lost Part 219 | . . . 18 31 . 30 80 30 30 Lost Ally 220 | . . . . . . 160 60 . . Squads Dispatched 14 | . . . 1 4 2 3 . . 4 Investigation 7 | . . . 1 1 1 2 . . 2 Extermination 3 | . . . . 2 1 . . . . Reinforcement 2 | . . . . 1 . 1 . . . Assault . | . . . . . . . . . . Garrison 2 | . . . . . . . . . 2 Intercept . | . . . . . . . . . . Searches Triggered . | . . . . . . . . . . Construction Impeded . | . . . . . . . . . . Haulers Reinforced . | . . . . . . . . . . Active Scanning Responses . | . . . . . . . . . . Cargo Convoy Interrupts . | . . . . . . . . . . Stealth | -11 -10 -10 -8 -7 -6 -6 -6 -6 -6 --------- Run | Yrd Mat Sub Mat Fac Fac Ext Cet Arc Hub Distress Signals 6 | . 1 . 1 1 . 2 1 . . Communications Jammed . | . . . . . . . . . . Distress Signals . | . . . . . . . . . . Times Spotted 97 | . 3 4 15 23 3 27 5 4 13 Peak Tracking Total 11 | . 3 2 3 4 1 4 5 2 11 Tactical Retreats 3 | . . 1 . 1 . 1 . . . Traps | -11 -10 -10 -8 -7 -6 -6 -6 -6 -6 ------- Run | Yrd Mat Sub Mat Fac Fac Ext Cet Arc Hub Traps Triggered 9 | . . . 3 . 1 4 . . 1 Indirectly . | . . . . . . . . . . Trap Hack Attempts . | . . . . . . . . . . Triggered . | . . . . . . . . . . Disarmed . | . . . . . . . . . . Reprogrammed . | . . . . . . . . . . Reused . | . . . . . . . . . . Traps Extracted . | . . . . . . . . . . Installed . | . . . . . . . . . . Triggered . | . . . . . . . . . . Machines | -11 -10 -10 -8 -7 -6 -6 -6 -6 -6 ---------- Run | Yrd Mat Sub Mat Fac Fac Ext Cet Arc Hub Machines Disabled 10 | . . . . 2 . 5 2 1 . Max in Single Turn 2 | . . . . 1 . 2 1 1 . Garrison Access 1 | . . . 1 . . . . . . Network Hub 2 | . . . . . . . . . 2 Machines Repaired . | . . . . . . . . . . Machines Dismantled . | . . . . . . . . . . Machines Sabotaged 1 | . . . . . . . . . 1 Overloaded Fab Kills . | . . . . . . . . . . Hacking | -11 -10 -10 -8 -7 -6 -6 -6 -6 -6 --------- Run | Yrd Mat Sub Mat Fac Fac Ext Cet Arc Hub Machines Accessed 30 | . . 2 9 5 2 8 2 . 2 Terminals 24 | . . . 7 4 1 8 2 . 2 Fabricators . | . . . . . . . . . . Repair Stations 3 | . . . 1 1 1 . . . . Recycling Units . | . . . . . . . . . . Scanalyzers . | . . . . . . . . . . Garrison Access 1 | . . . 1 . . . . . . Total Hacks 77 | . . 12 30 13 4 13 2 . 3 Successful 52 | . . 12 22 5 2 7 2 . 2 Failed 25 | . . . 8 8 2 6 . . 1 Catastrophic 1 | . . . . 1 . . . . . Database Lockouts . | . . . . . . . . . . Manual 5 | . . . . . 2 . . . 3 Terminals 56 | . . . 26 9 3 13 2 . 3 Fabricators . | . . . . . . . . . . Repair Stations 7 | . . . 2 4 1 . . . . Recycling Units . | . . . . . . . . . . Scanalyzers . | . . . . . . . . . . Garrison Access 2 | . . . 2 . . . . . . Terminal Hacks 44 | . . 12 19 3 1 7 2 . . Record 15 | . . 11 2 1 . . 1 . . Robot Analysis 1 | . . . . 1 . . . . . Prototype ID Bank 2 | . . . 2 . . . . . . Open Door 7 | . . . . . . 6 1 . . Open DSF 1 | . . . . 1 . . . . . Branch Access Points 1 | . . . 1 . . . . . . Emergency Access Points 3 | . . . 3 . . . . . . Alert Level 1 | . . . 1 . . . . . . Locate Traps 2 | . . . 2 . . . . . . Dispatch Records 2 | . . . 2 . . . . . . Maintenance Status 2 | . . . 2 . . . . . . Security Status 1 | . . . 1 . . . . . . Transport Status 1 | . . . 1 . . . . . . Zone Layout 4 | . . . 2 . 1 1 . . . Proto ID Catalog 1 | . . 1 . . . . . . . Fabricator Hacks . | . . . . . . . . . . Repair Station Hacks 3 | . . . 1 2 . . . . . Scan Component 2 | . . . 1 1 . . . . . Repair 1 | . . . . 1 . . . . . Recycling Unit Hacks . | . . . . . . . . . . Scanalyzer . | . . . . . . . . . . Garrison Access Hacks 2 | . . . 2 . . . . . . Unlock Access 1 | . . . 1 . . . . . . Seal Access 1 | . . . 1 . . . . . . Unauthorized Hacks 3 | . . . . . 1 . . . 2 Terminals 2 | . . . . . . . . . 2 Sabotage 2 | . . . . . . . . . 2 Fabricators . | . . . . . . . . . . Repair Stations 1 | . . . . . 1 . . . . Patch 1 | . . . . . 1 . . . . Recycling Units . | . . . . . . . . . . Scanalyzers . | . . . . . . . . . . Garrison Access . | . . . . . . . . . . Data Cores Recovered 1 | . . . . 1 . . . . . Used . | . . . . . . . . . . Hacking Detections 18 | . . . 9 4 1 4 . . . Full Trace Events 4 | . . . 1 1 . 2 . . . Feedback Events . | . . . . . . . . . . Feedback Blocked . | . . . . . . . . . . Robot Schematics Acquired . | . . . . . . . . . . Robots Built . | . . . . . . . . . . Authchips . | . . . . . . . . . . Time . | . . . . . . . . . . Total Robot Build Rating . | . . . . . . . . . . Part Schematics Acquired . | . . . . . . . . . . Parts Built . | . . . . . . . . . . Authchips . | . . . . . . . . . . Time . | . . . . . . . . . . Total Part Build Rating . | . . . . . . . . . . Parts Repaired 1 | . . . . 1 . . . . . Time 8 | . . . . 8 . . . . . Parts Recycled . | . . . . . . . . . . Recycled Matter . | . . . . . . . . . . Retrieved Matter . | . . . . . . . . . . Retrieved Components . | . . . . . . . . . . Parts Scanalyzed . | . . . . . . . . . . Part Schematics Acquired . | . . . . . . . . . . Parts Damaged . | . . . . . . . . . . Bothacking | -11 -10 -10 -8 -7 -6 -6 -6 -6 -6 ------------ Run | Yrd Mat Sub Mat Fac Fac Ext Cet Arc Hub Used RIF Installer . | . . . . . . . . . . Robots Hacked . | . . . . . . . . . . Non-combat . | . . . . . . . . . . Combat . | . . . . . . . . . . Robot Hacks Applied . | . . . . . . . . . . Relay Couplers Released . | . . . . . . . . . . Fabnet Peak Effective % . | . . . . . . . . . . Robots Rewired 10 | . . . . . . 10 . . . Allies Hacked . | . . . . . . . . . . Hacks Repelled . | . . . . . . . . . . Allies | -11 -10 -10 -8 -7 -6 -6 -6 -6 -6 -------- Run | Yrd Mat Sub Mat Fac Fac Ext Cet Arc Hub Total Allies 22 | . . . . . . 22 . . . Largest Group 12 | . . . . . . 12 3 . . Highest-Rated Group 387 | . . . . . . 387 82 . . Highest-Rated Ally 39 | . . . . . . 39 31 . . Total Orders . | . . . . . . . . . . Ally Attacks 173 | . . . . . . 148 25 . . Total Damage 3126 | . . . . . . 2721 405 . . Kills 20 | . . . . . . 20 . . . Allies Corrupted 1 | . . . . . . 1 . . . Allies Melted . | . . . . . . . . . . Intel | -11 -10 -10 -8 -7 -6 -6 -6 -6 -6 ------- Run | Yrd Mat Sub Mat Fac Fac Ext Cet Arc Hub Active Infowar (turns) 227 | . . . 227 . . . . . . Optics 227 | . . . 227 . . . . . . Robot Analysis Total 1 | . . . . 1 . . . . . Derelict Logs Recovered 2 | . . 2 . . . . . . . Drone Launches . | . . . . . . . . . . Drone Recoveries . | . . . . . . . . . . Exploration | -11 -10 -10 -8 -7 -6 -6 -6 -6 -6 ------------- Run | Yrd Mat Sub Mat Fac Fac Ext Cet Arc Hub Turns Passed 6095 | 47 134 1351 883 1047 636 1097 396 370 134 Spaces Moved 3547 | 43 89 1106 595 542 293 562 136 133 48 Core 32 | 16 . . . . . . 1 . 15 Treads 968 | . . . 3 189 191 284 135 133 33 Legs . | . . . . . . . . . . Wheels 2547 | 27 89 1106 592 353 102 278 . . . Hover . | . . . . . . . . . . Flight . | . . . . . . . . . . Fastest Speed 50 | 50 100 100 103 110 115 115 158 240 150 Average Speed 134 | 81 100 100 111 143 203 136 233 240 217 Slowest Speed 600 | 100 100 100 240 240 250 158 600 240 400 Overloaded Moves . | . . . . . . . . . . Propulsion Burnouts . | . . . . . . . . . . Robots Hopped . | . . . . . . . . . . Potential Cave-ins 1 | . . . . . . 1 . . . Cave-ins Triggered . | . . . . . . . . . . Exploration Rate (%) 40 | 4 18 61 49 22 8 71 72 85 10 Regions Visited 9 Branch Regions 5 Pre-discovered Areas . | . . . . . . . . . . Known Exits Taken 2 | . . . 1 1 . . . . . Unknown Exits Taken 7 | 1 1 1 . . 1 1 1 1 . Scrap Searched 12 | . . 12 . . . . . . . Spaces Dug . | . . . . . . . . . . Terrain Destroyed 173 | . . . 16 . . 100 57 . . Melee . | . . . . . . . . . . Projectile 8 | . . . 3 . . 2 3 . . AOE 165 | . . . 13 . . 98 54 . . Terrain Rammed . | . . . . . . . . . . Walls Destroyed . | . . . . . . . . . . Machines Disabled . | . . . . . . . . . . Actions | -11 -10 -10 -8 -7 -6 -6 -6 -6 -6 --------- Run | Yrd Mat Sub Mat Fac Fac Ext Cet Arc Hub Total 4458 | 54 116 1300 745 704 322 810 177 165 65 Wait 498 | . 15 149 79 77 6 139 23 10 . Move 3538 | 42 88 1105 594 541 292 561 135 132 48 Hop . | . . . . . . . . . . Pick Up 54 | 6 2 8 10 10 6 5 . 5 2 Fast Attach 16 | 1 . 2 5 5 2 1 . . . Attach 31 | 5 1 1 4 5 2 4 1 5 3 Detach . | . . . . . . . . . . Swap 17 | . . 2 7 5 1 2 . . . Drop 33 | . . 3 8 10 6 4 . 1 1 Fire 212 | . 10 30 34 49 7 41 18 12 11 Melee . | . . . . . . . . . . Ram 5 | . . . 4 1 . . . . . Kick . | . . . . . . . . . . Crush 2 | . . . . 1 . 1 . . . Escape Stasis 6 | . . . . . . 6 . . . Rewire 46 | . . . . . . 46 . . . Trap . | . . . . . . . . . . Miscellaneous . | . . . . . . . . . . Route ------- -11/Scrapyard -10/Materials -10/Subcaves -8/Materials (discovered 2 exits: *Fac x2) -7/Factory (discovered 4 exits: *Fac x3 / Low) -6/Factory -6/Extension (discovered 2 exits: [*Fac] / *Cet) -6/Cetus -6/Archives (discovered 3 exits: [*Fac] / *Hub x2) -6/Hub_04(d) History --------- Turn | Location | Event 5 | -11/Scrapyard | Discovered new exit (range 16) 48 | -11/Scrapyard | Entered Materials 171 | -10/Materials | Discovered new exit (range 8) 182 | -10/Materials | Entered Subcaves 312 | -10/Subcaves | Build established: Mutant 322 | -10/Subcaves | Visited 4L-MR0's lab 819 | -10/Subcaves | Learned Materials non-interactive machine intel 900 | -10/Subcaves | Learned location of 1 exit from Materials 902 | -10/Subcaves | Visited Clippyterm 905 | -10/Subcaves | Learned Factory trap positions 905 | -10/Subcaves | Learned 40 Factory zone layouts 950 | -10/Subcaves | A swath of the cavern ceiling suddenly collapsed 1160 | -10/Subcaves | Discovered new exit (range 9) 1533 | -10/Subcaves | Entered Materials 1533 | -8/Materials | Evolved 4 slots: Propulsion x1, Utility x2, Weapon x1 1534 | -8/Materials | Identified exit to Factory 1535 | -8/Materials | Loaded intel: 37 non-interactive machine locations 1616 | -8/Materials | Identified exit to Garrison 2031 | -8/Materials | Build established: Hacker-Skirmisher 2404 | -8/Materials | Discovered exit to Factory (range 8) 2416 | -8/Materials | Entered Factory 2416 | -7/Factory | Evolved 2 slots: Power x1, Utility x1 2417 | -7/Factory | Identified exit to Lower Caves 2417 | -7/Factory | Identified exit to Factory 2418 | -7/Factory | Loaded intel: 105 trap records 2649 | -7/Factory | Repaired Wheel 3452 | -7/Factory | Discovered exit to Factory (range 10) 3463 | -7/Factory | Entered another Factory area 3463 | -6/Factory | Evolved 2 slots: Propulsion x2 3750 | -6/Factory | Build established: Hacker-Gunner 4083 | -6/Factory | Discovered new exit (range 13) 4099 | -6/Factory | Entered Extension 4129 | -6/Extension | Disrupted transfer network 4215 | -6/Extension | Rescued a captive Derelict 4216 | -6/Extension | Rescued a captive Derelict 4340 | -6/Extension | Rescued a captive Derelict 4341 | -6/Extension | Rescued a captive Derelict 4425 | -6/Extension | Rescued a captive Derelict 4426 | -6/Extension | Rescued a captive Derelict 4439 | -6/Extension | Lost 3 allies 4479 | -6/Extension | Rescued a captive Derelict 4480 | -6/Extension | Rescued a captive Derelict 4606 | -6/Extension | Spotted B-75 Beast 4612 | -6/Extension | Spotted B-75 Beast 4640 | -6/Extension | Allies destroyed B-75 Beast 4673 | -6/Extension | Lost 4 allies 4685 | -6/Extension | Rescued a captive Derelict 4691 | -6/Extension | Rescued a captive Derelict 4867 | -6/Extension | Rescued a captive Derelict 4875 | -6/Extension | Rescued a captive Derelict 5109 | -6/Extension | Murdered 6 allies 5158 | -6/Extension | Discovered new exit (range 15) 5158 | -6/Extension | Discovered new exit (range 11) 5196 | -6/Extension | Entered Cetus 5196 | -6/Cetus | Accompanied by 3 allies 5216 | -6/Cetus | Spotted Cetus Guard 5216 | -6/Cetus | Spotted Cetus Guard 5221 | -6/Cetus | Spotted Cetus Guard 5221 | -6/Cetus | Spotted Cetus Guard 5240 | -6/Cetus | Destroyed Cetus Guard 5243 | -6/Cetus | Core integrity fell below 50% 5250 | -6/Cetus | Destroyed Cetus Guard 5263 | -6/Cetus | Destroyed Cetus Guard 5266 | -6/Cetus | Destroyed Cetus Guard 5291 | -6/Cetus | Lost 3 allies 5294 | -6/Cetus | Lost 8 parts (1p5n1u1w) 5450 | -6/Cetus | Found a strange terminal 5522 | -6/Cetus | Build established: Hacker-Mutant 5556 | -6/Cetus | Discovered new exit (range 16) 5592 | -6/Cetus | Entered Archives 5759 | -6/Archives | Discovered new exit (range 15) 5789 | -6/Archives | Discovered new exit (range 15) 5852 | -6/Archives | Unable to access archive contents 5876 | -6/Archives | Unable to access archive contents 5900 | -6/Archives | Unable to access archive contents 5909 | -6/Archives | Discovered new exit (range 16) 5924 | -6/Archives | Unable to access archive contents 5962 | -6/Archives | Entered Hub_04(d) 5994 | -6/Hub_04(d) | Garrison activated, responded to threat 6030 | -6/Hub_04(d) | Build established: Scavenger-Mutant 6034 | -6/Hub_04(d) | Network Hub disabled 6034 | -6/Hub_04(d) | Network Hub disabled 6048 | -6/Hub_04(d) | Spotted Lightning 6053 | -6/Hub_04(d) | Spotted Lightning 6053 | -6/Hub_04(d) | Spotted Lightning 6058 | -6/Hub_04(d) | Core integrity fell below 20% 6060 | -6/Hub_04(d) | Spotted Lightning 6060 | -6/Hub_04(d) | Spotted Lightning 6089 | -6/Hub_04(d) | System corruption reached 10% 6096 | -6/Hub_04(d) | Destroyed by H-66 Slayer with Heavy Assault Rifle Last Messages --------------- System corrupted: FCS attempts to trigger Wave Gun. System corrupted: Wave Gun misfires. EMDS Slug penetrates Wall. Adv. Weight Redist. System destroyed. EMDS Slug penetrates Wall. Beamcaster destroyed. Neutrino Core destroyed. Penetrated by EMDS Slug. System corrupted: Component data lost. Adv. Targeting Computer destroyed. Penetrated by EMDS Slug. H-66 Slayer knocked back. Penetrated by Slug. K-01 Serf destroyed. EMDS Slug penetrates Wall. Penetrated by EMDS Slug. Dropped Magnetic Acceleration Cannon. Penetrated by EMDS Slug. Penetrated by Slug. Map ----- +----------------------------------------------------+ | ?????????????????????????????????????????????????? | | ?????????????????????????????????????????????????? | | ?????????????????????????????????????????????????? | | ?????????????????????????????????????????????????? | | ?????????????????????????????????????????????????? | | ?????????????????????????????????????????????????? | | ?????????????????????????????????????????????????? | | ?????????????????????????????????????????????????? | | ?????????????????????????????????????????????????? | | ?????????????????????????????????????????????????? | | ?????????????????????????????????????????????????? | | ?????????????????????????????????????????????????? | | ?????????????????????????????????????????????????? | | ?????????????????????????????????????????????????? | | ???????###+###???????????????????????????????????? | | ???????# ###########+##??????????????????????? | | ???????# +??????????????????????? | | ???????# % i#??????????????????????? | | ???????# hhh#??????????????????????? | | ???????# #######h #??????????????????????? | | ???????# #?????#i +??????????????????????? | | ???????# #?????# #??????????????????????? | | ???????# #?????#* #??????????????????????? | | ???????# #?????#%= #??????????????????????? | | ???????# ![= ###???#=] #??????????????????????? | | ######## =%[ ""#???# @#??????????????????????? | | ## =!= T"#???# #??????????????????????? | | #" ""#???# #??????????????????????? | | """ / ###???# #??????????????????????? | | #### #?????# #??????????????????????? | | !]] #??# #?????# #??????????????????????? | | ]! #??# #?????# #??????????????????????? | | ] [#??# #?????# #??????????????????????? | | #??# #?????# #??????????????????????? | | #/######## #?????# #??????????????????????? | | [% #?????# #??????????????????????? | | [ +?????# #??????????????????????? | | #?????# ???????????????????????? | | #+########### #?????# ???????????????????????? | | ????????????# #?????# ???????????????????????? | | ????????????# #?????? ???????????????????????? | | ????????????? #????????????????????????????????? | | ????????????? ?????????????????????????????????? | | ?????????????????????????????????????????????????? | | ?????????????????????????????????????????????????? | | ?????????????????????????????????????????????????? | | ?????????????????????????????????????????????????? | | ?????????????????????????????????????????????????? | | ?????????????????????????????????????????????????? | | ?????????????????????????????????????????????????? | +----------------------------------------------------+ Best States ------------- Heat Dissipation 56 Energy Generation 32 Energy Capacity 515 Matter Stores 300 Matter Capacity 300 Sight Range 21 Terrain Scan Density 10 Additional Mass Support 9 Armor Coverage 225 Resistance: KI 20 Resistance: TH 20 Resistance: EX 20 Resistance: EM 20 Resistance: I 20 Resistance: S 20 Resistance: P 20 Evasion (%) 50 Targeting Accuracy 8 Recoil Reduction 4 Offensive Hacking 20 Item Schematics ----------------- None Robot Schematics ------------------ None Fabricated ------------ Nothing Repaired ---------- Wheel | 10% | -7/Factory Alien Tech Used ----------------- None Achievements -------------- None Challenges ------------ None Game ------ Seed PlatingFrostAutohacker Manual? 0 Play Time 00:55:49 Cumulative 20.2 hours Start 2025.09.16 @ 13:38:32 End 2025.09.16 @ 15:05:45 Sessions 1 Manual Loads 0 Difficulty Adventurer Special Mode None Game No. 21 Rogue 0 Adventurer 21 Explorer 0 Win Type - Total 1 Types 0/0/0/0/0/0/0/1/0/0 Lore% 43 Gallery% 30 Achievement% 37 Wizard Run 0 Options --------- Layout 1 ASCII 0 Keyboard 0 Movement Mouse Keybinds 0 Fullscreen 2 Font 24/Smallcaps Map View 50x35 Zoom Use 0% Tactical HUD 0 Map Filters NONE Filters NONE Steam 1 RUN: 24f79994-865b-49c3-908d-798e729bb3d5